[Event "*** SCC Grand Prix: Titled Tuesday Blitz"]
[Site "Chess.com"]
[Date "2020.08.11"]
[Round "7"]
[White "zmarian"]
[Black "Unknown_IM"]
[Result "1/2-1/2"]
[WhiteElo "2195"]
[BlackElo "2370"]
[TimeControl "180+1"]
[EndTime "11:18:38 PDT"]
[Termination "Game drawn by repetition"]

1. g3 g6 2. Bg2 Bg7 3. Nf3 Nf6 4. O-O O-O 5. d3 d6 6. Nbd2 c5 7. c4 Nc6 8. a3 Bd7 9. Rb1 Rb8 10. b4 cxb4 11.
axb4 a6 12. e4 b5 13. cxb5 axb5 14. Bb2 Ra8 15. Bc3 Ra3 16. Rb3 Qa8 17. d4 Bg4 18.
Qb1 Qa4 19. h3 Bxf3 20. Bxf3 Rc8 21. Rxa3 Qxa3 22. Qb3 Ra8 23. Qxa3 Rxa3 24. Rc1 Ne8 25.
e5 Nd8 26. Bb2 Ra2 27. Rc8 Rxb2 28. Rxd8 Rxd2 29. Rxe8+ Bf8 30. exd6 exd6 31. Bc6 Rxd4 32. Bxb5 Rxb4 33. Bc6 Kg7 34. Rd8 Rd4 35. Kg2 Be7 36. Rd7 Kf6 37. Bb5 Ke6 38. Rb7 Bf6 39. Be8 Be7 40.
Bd7+ Kf6 41. Be8 Rd2 42. Rb6 Rc2 43. Rc6 Rd2 44. Ra6 Rb2 45. Rc6 Rb8 46. Bd7 Rd8 47.
Bg4 h5 48. Bf3 Kg7 49. Bd5 Kf6 50. Rc7 Rb8 51. Rc2 Rb5 52. Rd2 Rc5 53. h4 Kg7 54.
Ba2 Kf6 55. Bd5 Rc7 56. Rd3 Bf8 57. Bb3 Ke5 58. Rd5+ Kf6 59. Rd3 Ke5 60. Rd5+ Kf6 61.
Rd3 1/2-1/2

[Event "*** SCC Grand Prix: Titled Tuesday Blitz"]
[Site "Chess.com"]
[Date "2020.08.11"]
[Round "7"]
[White "guillembaches"]
[Black "Schandenfreude"]
[Result "0-1"]
[WhiteElo "2397"]
[BlackElo "2547"]
[TimeControl "180+1"]
[EndTime "11:18:39 PDT"]
[Termination "Schandenfreude won on time"]

1. e4 e6 2. Nf3 d5 3. exd5 exd5 4. d4 Nf6 5. Bd3 Be7 6. O-O Bg4 7. Bg5 O-O 8. Nbd2 c6 9. c3 Nbd7 10. Qc2 Bh5 11. Ne5 Bg6 12. Nxg6 hxg6 13. Rae1 Re8 14. Nf3 Bd6 15. g3 Qc7 16. Kg2 Rxe1 17. Rxe1 Re8 18. Rxe8+ Nxe8 19. Qe2 Nef6 20. b3 Kf8 21. c4 Be7 22.
Bf4 Qd8 23. c5 Kg8 24. b4 a6 25. a4 Nf8 26. b5 axb5 27. axb5 Ne6 28. Be5 Ng4 29. b6 Nxe5 30. Qxe5 Bf6 31. Qe3 Qd7 32. h4 Kf8 33. Kf1 Ke7 34. Ke2 Qc8 35. Ne5 Qa8 36. Nf3 Qa2+ 37. Kf1 Qa1+ 38. Kg2 Kd7 39. Ne5+ Bxe5 40.
Qxe5 Qxd4 41. Qd6+ Ke8 42. Bxg6 Qf6 43. Qb8+ Nd8 44.
Bd3 Qe7 45. Qf4 Qxc5 46. Qc7 Qe7 47. Bf5 d4 48. g4 g6 49. Bd3 c5 50. h5 gxh5 51. gxh5 Kf8 52. h6 Ne6 53. Qb8+ Qd8 54.
h7 Kg7 55. Qg3+ Qg5 0-1

[Event "*** SCC Grand Prix: Titled Tuesday Blitz"]
[Site "Chess.com"]
[Date "2020.08.11"]
[Round "7"]
[White "allvim"]
[Black "catzapto"]
[Result "1-0"]
[WhiteElo "2379"]
[BlackElo "1990"]
[TimeControl "180+1"]
[EndTime "11:18:39 PDT"]
[Termination "allvim won by resignation"]

1. e4 c5 2. Nc3 e6 3. f4 Nc6 4. Nf3 d5 5. exd5 exd5 6. d4 Nf6 7. Bb5 Qb6 8. Bxc6+ bxc6 9. O-O Ne4 10. Re1 f5 11.
Ne5 cxd4 12. Na4 Qb4 13. c3 dxc3 14. bxc3 Bc5+ 15. Nxc5 Qxc5+ 16. Be3 Qxc3 17. Bd4 Qd2 18.
Qxd2 Nxd2 19. Ng6+ Ne4 20. Nxh8 Kf8 21. Rac1 Bd7 22.
Rb1 Bc8 23. Rec1 Nd2 24. Rb2 Nc4 25. Re2 Bd7 26. Bc5+ Kg8 27. Re7 Be8 28. Rce1 Bh5 29. Bd4 Kxh8 30. Rxg7 c5 31. Bf6 Rf8 32. Rf7+ Kg8 33.
Rxf8+ Kxf8 34. Be7+ Kf7 35. Bxc5 Nd2 36. Re7+ Kf6 37.
Rxh7 Ne4 38. Bd4+ Kg6 39. Rg7+ Kh6 40. Rxa7 Be8 41. a4 Kh5 42. a5 Kg4 43. g3 Kf3 44. a6 Bb5 45. Ra8 Nd2 46. a7 Bd3 47. Re8 Be4 48. Rxe4 dxe4 49. a8=Q Ke2 50. Qa3 Nf3+ 51. Kg2 Nxd4 52. h3 e3 53. Qb2+ Kd3 54. g4 fxg4 55.
hxg4 Ke4 56. g5 Kxf4 57. Qxd4+ Kxg5 58. Qxe3+ Kg4 59. Qf3+ 1-0

[Event "*** SCC Grand Prix: Titled Tuesday Blitz"]
[Site "Chess.com"]
[Date "2020.08.11"]
[Round "7"]
[White "chargemax23"]
[Black "Zhani-Z"]
[Result "1-0"]
[WhiteElo "2653"]
[BlackElo "2466"]
[TimeControl "180+1"]
[EndTime "11:18:41 PDT"]
[Termination "chargemax23 won on time"]

1. c4 e6 2. Nc3 Nf6 3. e4 c5 4.
Nf3 Nc6 5. a3 d5 6. cxd5 exd5 7.
e5 Nd7 8. Bb5 Nb6 9. O-O d4 10.
Ne4 Be7 11. h3 O-O 12. d3 Bd7 13. Bxc6 Bxc6 14. Re1 Qd5 15. b3 Nd7 16. Ng3 Rfe8 17. Bf4 Nf8 18. Ne4 Ng6 19. Bg3 Bf8 20. Ned2 Re6 21. a4 Rae8 22. Nc4 b6 23. Qd2 h6 24. Re4 Qd7 25. Rg4 Qb7 26. Ne1 Bd5 27. f4 f5 28.
Rh4 Nxh4 29. Bxh4 Rg6 30. Kh2 Ree6 31. a5 b5 32. Na3 Bxb3 33. Nac2 Bd5 34. Qe2 Qc6 35.
a6 Qd7 36. Rc1 Qf7 37. Nf3 c4 38. Nce1 cxd3 39. Qxd3 Be4 40. Qxd4 Rc6 41. Rd1 Rc4 42. Qd8 Ra4 43. Rd7 Ra2 44. Rxf7 Kxf7 45. Qd7+ Kg8 46.
e6 Rf6 47. e7 Bxe7 48. Qxe7 Rg6 49. Qe8+ Kh7 50. Qf7 Raxa6 51. Ne5 Rgd6 52. N1f3 Ra2 53.
Qh5 Rdd2 54. Ng5+ 1-0

[Event "*** SCC Grand Prix: Titled Tuesday Blitz"]
[Site "Chess.com"]
[Date "2020.08.11"]
[Round "7"]
[White "pirulillo"]
[Black "Azoulas1"]
[Result "1-0"]
[WhiteElo "2231"]
[BlackElo "2009"]
[TimeControl "180+1"]
[EndTime "11:18:41 PDT"]
[Termination "pirulillo won on time"]

1. e4 e5 2. d4 exd4 3. f4 d5 4. e5 c5 5. Nf3 Bg4 6. c4 Ne7 7. h3 Bxf3 8. Qxf3 g6 9. Bd3 Bg7 10. O-O O-O 11. Re1 Nbc6 12. a3 a6 13. Nd2 Qd7 14. b3 Rad8 15. Bb2 Nf5 16. g4 Ne3 17. Nf1 dxc4 18. bxc4 Nxf1 19. Rxf1 Rde8 20. Be4 Re7 21.
Bd5 Qc7 22. Rae1 h6 23. Re2 g5 24. Bc1 gxf4 25. Bxf4 Nxe5 26. Bxe5 Rxe5 27. Ref2 Re7 28. Qf5 b5 29. Be4 f6 30. Qh7+ Kf7 31. Rxf6+ Ke8 32. Rxf8+ Bxf8 33. Rxf8+ Kxf8 34. Qh8+ Kf7 35. Bd5+ Kg6 36.
Qg8+ Rg7 37. Qe6+ Kg5 38. Kg2 Qf4 39. Qe1 Qe3 40. h4+ Kf4 41. Qf1+ Ke5 42. Qf5+ Kd6 43. Qf6+ Kc7 44. Qxg7+ Kb6 45. Qf6+ Ka5 46. Qf2 Qxf2+ 47. Kxf2 d3 48. Ke3 Ka4 49. Kd2 Kxa3 50. g5 hxg5 51. hxg5 b4 52. g6 b3 53. g7 b2 54. g8=Q b1=Q 55.
Qc8 Qc2+ 56. Ke3 Qe2+ 57. Kf4 Qf2+ 58. Kg5 Qg3+ 59. Kf6 1-0

[Event "*** SCC Grand Prix: Titled Tuesday Blitz"]
[Site "Chess.com"]
[Date "2020.08.11"]
[Round "7"]
[White "djano"]
[Black "keshka01"]
[Result "1-0"]
[WhiteElo "2426"]
[BlackElo "2568"]
[TimeControl "180+1"]
[EndTime "11:18:42 PDT"]
[Termination "djano won by resignation"]

1. d4 Nf6 2. Bf4 c5 3. d5 d6 4. Nc3 e5 5. dxe6 Bxe6 6. e4 Nc6 7. Nf3 d5 8. exd5 Nxd5 9. Nxd5 Qxd5 10. Qxd5 Bxd5 11.
O-O-O O-O-O 12. Be2 Be7 13. a3 Bf6 14. Rhe1 h6 15. Bg3 Rhe8 16. Bd3 g6 17. Bf5+ Be6 18.
Bxe6+ fxe6 19. Rxd8+ Bxd8 20. Ne5 Nxe5 21. Bxe5 b6 22. f3 Bc7 23. Bg3 Bxg3 24. hxg3 h5 25. Kd2 Kd7 26. Ke3 Ke7 27. Rd1 Rf8 28. Ke4 Rf5 29. c4 Kf6 30. Rd7 Re5+ 31. Kd3 Rg5 32. Ke3 Rxg3 33. Kf2 h4 34. Rxa7 g5 35. b4 cxb4 36.
axb4 g4 37. c5 bxc5 38. bxc5 gxf3 39. gxf3 Rg5 40. Rh7 Rxc5 41. Rxh4 Kg5 42. Rg4+ Kf5 43. Kg3 Rc1 44. Re4 Rg1+ 45. Kf2 Rg8 46. Ke3 Ra8 47. Kf2 Ra3 48. Kg3 e5 49. Kf2 Ra8 50. Kg3 Rd8 51. Kf2 Rd3 52. Kg3 Rd2 53. Rg4 Re2 54. Ra4 Re3 55. Kf2 Rb3 56. Ra5 Rd3 57. Ra8 Rb3 58.
Rf8+ Ke6 59. Re8+ Kd5 60. Rd8+ Ke6 61. Re8+ Kf6 62. Rf8+ Ke7 63. Rh8 Rb4 64. Rh6 Kf7 65. Ke3 Rf4 66. Ra6 Ke7 67. Rb6 Rd4 68. Ra6 Rc4 69. Rb6 Rb4 70. Rxb4 1-0

[Event "*** SCC Grand Prix: Titled Tuesday Blitz"]
[Site "Chess.com"]
[Date "2020.08.11"]
[Round "7"]
[White "Oleksandr_Bortnyk"]
[Black "Msb2"]
[Result "0-1"]
[WhiteElo "2969"]
[BlackElo "2817"]
[TimeControl "180+1"]
[EndTime "11:18:44 PDT"]
[Termination "Msb2 won by resignation"]

1. e4 e6 2. d4 d6 3. Nc3 c5 4. dxc5 dxc5 5. Qxd8+ Kxd8 6. Bf4 a6 7. O-O-O+ Nd7 8. Na4 b5 9. Nb6 Ra7 10. Nf3 f6 11. e5 Rb7 12. Nxc8 Kxc8 13. exf6 gxf6 14. g3 Bh6 15. Bxh6 Nxh6 16. Bh3 Rb6 17. Rhe1 Re8 18. Re4 Nf7 19. Rde1 Nd8 20. b3 Kc7 21. Kb2 Re7 22.
a4 Nf8 23. axb5 axb5 24. Ra1 Rd7 25. Ne1 Nb7 26. Nd3 c4 27. Nb4 Nc5 28. Re2 cxb3 29. cxb3 Nd3+ 30. Nxd3 Rxd3 31. Bg2 Kd6 32. Be4 Rd4 33.
Ra8 Nd7 34. Bxh7 f5 35. Bg8 e5 36. Rc8 Nf6 37. Rd8+ Kc7 38. Rf8 Nxg8 39. Rxg8 e4 40. Rf8 Rc6 41. Rxf5 b4 42. Re5 Rc3 43. R5xe4 Rdd3 44. Rxb4 Rf3 45. Rc4+ Rxc4 46. bxc4 Kc6 47. Rc2 Kc5 48. Kc1 Rf7 49. Kd1 Rd7+ 50. Ke2 Re7+ 51. Kf3 Rf7+ 52. Kg2 Kd4 53. h4 Rc7 54. c5 Kd3 55.
Ra2 Rxc5 56. Ra5 Rxa5 57. g4 Ke4 58. Kg3 Ra3+ 59. Kg2 Kf4 60. g5 Kg4 61. g6 Kxh4 62. f4 Kg4 63. g7 Ra2+ 64. Kf1 Ra8 65. Ke2 Kxf4 66. Kd3 Rg8 67. Kd4 Rxg7 68. Kd5 Rg5+ 69. Ke6 Re5+ 0-1

[Event "*** SCC Grand Prix: Titled Tuesday Blitz"]
[Site "Chess.com"]
[Date "2020.08.11"]
[Round "7"]
[White "Novoselski"]
[Black "martynkovaelena"]
[Result "0-1"]
[WhiteElo "2372"]
[BlackElo "2250"]
[TimeControl "180+1"]
[EndTime "11:18:44 PDT"]
[Termination "martynkovaelena won by resignation"]

1. Nf3 Nf6 2. c4 c6 3. g3 d5 4.
Bg2 Bf5 5. cxd5 cxd5 6. d3 h6 7. O-O e6 8. Nc3 Nc6 9. Bf4 Bd6 10. Bxd6 Qxd6 11. Qb3 O-O 12. Rfc1 a6 13. a4 Qb4 14.
Qxb4 Nxb4 15. Nd4 Bg6 16. a5 Rac8 17. Na4 e5 18. Nf3 Nc2 19. Nb6 Nxa1 20. Rxc8 Rxc8 21.
Nxc8 Nd7 22. Ne7+ Kf8 23. Nxd5 Nb3 24. Nh4 Nxa5 25. Nxg6+ fxg6 26. Nb4 Nc5 27. Bd5 Nab3 28. f4 exf4 29. gxf4 Nd4 30. Kf2 a5 31. Na2 Na4 32. b3 Nc5 33. Nc1 b5 34. e3 Nc2 35. d4 Nb4 36. Bf3 Ncd3+ 37. Nxd3 Nxd3+ 38. Kg3 Nc1 39. Bd5 a4 40. bxa4 bxa4 41. e4 a3 42. e5 a2 43.
Bxa2 Nxa2 44. d5 Nb4 45. d6 Kf7 46. Kf3 Ke6 47. Ke4 Nc6 48. h4 h5 49. Ke3 Kf5 50. Kf3 Nd4+ 51. Ke3 Ne6 52. d7 Nd8 53. Kd4 Ke6 54. Ke4 Kxd7 55. f5 Ke7 56. Kf4 Kf7 57. Kg5 gxf5 58. Kxh5 g6+ 59. Kh6 f4 0-1

[Event "*** SCC Grand Prix: Titled Tuesday Blitz"]
[Site "Chess.com"]
[Date "2020.08.11"]
[Round "7"]
[White "Virgo15"]
[Black "Harsha_Bharathakoti"]
[Result "1-0"]
[WhiteElo "2701"]
[BlackElo "2840"]
[TimeControl "180+1"]
[EndTime "11:18:45 PDT"]
[Termination "Virgo15 won on time"]

1. d4 f5 2. e4 fxe4 3. Nc3 Nf6 4.
Bg5 e6 5. Nxe4 Be7 6. Bxf6 Bxf6 7. Qh5+ g6 8. Qh6 Qe7 9. Nxf6+ Qxf6 10. Nf3 Nc6 11.
O-O-O d6 12. h4 Bd7 13. Qg5 Qxg5+ 14. hxg5 O-O 15. Bc4 Rae8 16. Rh4 Re7 17. Rdh1 Na5 18. Bd3 Bc6 19. Ne1 b5 20. f3 Nc4 21. b3 Ne3 22.
Kd2 Nf5 23. Bxf5 Rxf5 24. Rg4 b4 25. Nd3 a5 26. Nb2 Bb5 27. Nd1 Rff7 28. Ne3 c6 29.
Rgh4 e5 30. Ng4 exd4 31. Nf6+ Kh8 32. Rxd4 d5 33. Rdh4 Ba6 34. Rh6 Rg7 35. Re1 Rxe1 36. Kxe1 Re7+ 37. Kd2 Bb5 38. Rh4 Re2+ 39. Kd1 Re7 40.
g4 Be2+ 41. Kd2 Bxf3 42. Rh3 Be4 43. Rh2 c5 44. Re2 Re5 45. Rh2 Re7 46. Rh4 Rf7 47. Rh6 Re7 48. Rh2 Rf7 49. Ke3 Re7 50. Kf4 1-0

[Event "*** SCC Grand Prix: Titled Tuesday Blitz"]
[Site "Chess.com"]
[Date "2020.08.11"]
[Round "7"]
[White "CrushingKings"]
[Black "WPWPWP-2015"]
[Result "0-1"]
[WhiteElo "2502"]
[BlackElo "2404"]
[TimeControl "180+1"]
[EndTime "11:18:45 PDT"]
[Termination "WPWPWP-2015 won by resignation"]

1. e4 c5 2. Nf3 e6 3. d4 cxd4 4. Nxd4 Nc6 5. Nc3 Qc7 6. Be3 a6 7. a3 Nf6 8. f4 Nxd4 9. Bxd4 Qxf4 10. g3 Qc7 11. e5 Qc6 12. exf6 Qxh1 13. fxg7 Bxg7 14.
Bxg7 Rg8 15. Qd4 Qxh2 16. Be5 f6 17. Bd6 e5 18. Bxe5 fxe5 19. Qxe5+ Kd8 20. Qa5+ b6 21.
Qxb6+ Ke8 22. O-O-O Rg6 23. Qe3+ Kd8 24. Kb1 Qxg3 25.
Qe4 Rb8 26. Bd3 Re6 27. Qxh7 Qe5 28. Qg8+ Kc7 29. Ka1 Kb7 30. Qg2+ Ka7 31. Qf2+ Qe3 32. Qf5 Qb6 33. Na4 Qc6 34. Nc3 Bb7 35. Qf2+ Qb6 36.
Qf5 Be4 37. Na4 Bxf5 38. Nxb6 Bxd3 39. Nxd7 Bxc2 40. Rc1 Rd8 41. Nc5 Re2 42. b3 Rd1 43.
Kb2 Rxc1 44. Kxc1 Be4 45. Na4 Bf3 46. Nc3 Rf2 47. Na2 Rh2 48. Nb4 Rh1+ 49. Kb2 Bb7 50. Kc3 Rh2 51. Nd3 Rh3 52. Kc4 a5 53. Nc5 Ba6+ 54. Kd4 Rh4+ 55. Kc3 Rh3+ 56. Kd4 Rg3 57. Kd5 Rg5+ 58. Kd4 Rg4+ 59. Kd5 Rh4 60. Ke5 Bb7 61. Kd6 Rh5 62. Kc7 Rxc5+ 63. Kd6 Rc3 0-1

[Event "*** SCC Grand Prix: Titled Tuesday Blitz"]
[Site "Chess.com"]
[Date "2020.08.11"]
[Round "7"]
[White "floplover"]
[Black "coocloo"]
[Result "1-0"]
[WhiteElo "2301"]
[BlackElo "2034"]
[TimeControl "180+1"]
[EndTime "11:18:45 PDT"]
[Termination "floplover won by resignation"]

1. d4 d5 2. c4 e6 3. Nc3 Nf6 4. cxd5 exd5 5. Bg5 Be7 6. e3 c6 7. Bd3 h6 8. Bh4 O-O 9. Nge2 Nbd7 10. Qc2 Re8 11. O-O Qb6 12. f3 c5 13. Qd2 cxd4 14. Nxd4 Bc5 15. Na4 Qb4 16. Qxb4 Bxb4 17. Bf2 Ne5 18. Bb5 Bd7 19. Bxd7 Nexd7 20. a3 Bd2 21. Nf5 Re6 22. Rfd1 Ba5 23. Rac1 b5 24. Nc5 Nxc5 25. Rxc5 a6 26. Rdc1 Rae8 27. Rc8 Kf8 28. R1c6 Rxc6 29. Rxc6 Re6 30. Rc8+ Re8 31. Rxe8+ Nxe8 32. Kf1 Nf6 33. Ke2 h5 34. Bg3 g6 35. Bd6+ Ke8 36. Nd4 Kd7 37. Be5 Ne8 38. h3 Nc7 39. Bxc7 Kxc7 40. Kd3 Kd6 41. b4 Bd8 42. Nb3 Bb6 43. g3 Bc7 44.
g4 hxg4 45. fxg4 Kc6 46. Nc5 a5 47. Kd4 axb4 48. axb4 Bh2 49. Nd3 Bg3 50. Ne5+ Kd6 51. Nxf7+ Ke6 52. Ng5+ Kd6 53. Nf3 Bf2 54. h4 Bg3 55. h5 gxh5 56. gxh5 Ke6 57. h6 Bd6 58.
h7 Bxb4 59. h8=Q Ba3 60. Qh6+ Kd7 61. Qh5 Bb2+ 62. Kd3 Kc7 1-0

[Event "*** SCC Grand Prix: Titled Tuesday Blitz"]
[Site "Chess.com"]
[Date "2020.08.11"]
[Round "7"]
[White "1977Ivan"]
[Black "VerdeNotte"]
[Result "0-1"]
[WhiteElo "2678"]
[BlackElo "2884"]
[TimeControl "180+1"]
[EndTime "11:18:48 PDT"]
[Termination "VerdeNotte won by resignation"]

1. d4 Nf6 2. c4 g6 3. Nc3 Bg7 4. e4 d6 5. Bd3 Nc6 6. Nge2 Nd7 7. Be3 e5 8. Bc2 exd4 9. Nxd4 O-O 10. O-O Nde5 11.
Nxc6 bxc6 12. c5 Nc4 13. Bc1 dxc5 14. Qe2 Be6 15. Bb3 Nd6 16. Bxe6 fxe6 17. Qg4 Qc8 18. Bg5 Bd4 19. e5 Bxe5 20. Rae1 Rf5 21. Be3 Rb8 22. Bxc5 Bxc3 23. bxc3 Rxc5 24. Rxe6 Nf5 25. Qe4 Qd7 26. h4 Nd6 27. Qe3 Rf5 28. Re7 Qd8 29. Re1 Rf7 30. Rxf7 Nxf7 31. h5 Qf6 32. hxg6 hxg6 33. Rd1 Kg7 34. g3 Rd8 35. Re1 a6 36. Qc5 Qd6 37.
Qc4 c5 38. Qe4 Rd7 39. Qe3 c4 40. Qe4 Qd5 41. Qf4 Qd2 42. Re3 Qd1+ 43. Kg2 Qd5+ 44. Kg1 Rd6 45. Re7 Rf6 46. Qe3 Qd1+ 47. Kg2 Qd5+ 48.
Kg1 Qd6 49. Re4 Qd1+ 50. Kg2 Qd5 51. Kg1 Qd1+ 52. Kg2 Qd3 53. Qe1 Qf3+ 54. Kg1 Ng5 55. Re3 Qf5 56. f4 Nh3+ 57. Kg2 Qg4 58. Re5 Nxf4+ 59.
Kg1 Nh3+ 0-1

[Event "*** SCC Grand Prix: Titled Tuesday Blitz"]
[Site "Chess.com"]
[Date "2020.08.11"]
[Round "7"]
[White "warmoatmeal"]
[Black "MVM2008"]
[Result "0-1"]
[WhiteElo "2322"]
[BlackElo "2209"]
[TimeControl "180+1"]
[EndTime "11:18:48 PDT"]
[Termination "MVM2008 won by checkmate"]

1. Nf3 Nf6 2. g3 b5 3. Bg2 Bb7 4. O-O a6 5. d3 d5 6. Nbd2 g6 7. a3 Bg7 8. a4 O-O 9. axb5 axb5 10. Rxa8 Bxa8 11. c3 c5 12. Ne5 Nc6 13. Ndf3 Nxe5 14. Nxe5 Nd7 15. Nxd7 Qxd7 16. d4 c4 17. Bf4 Bc6 18.
Qc2 Ra8 19. e4 Qb7 20. Re1 dxe4 21. Bxe4 Bxe4 22. Qxe4 Qxe4 23. Rxe4 e6 24. Be5 Ra2 25. Bxg7 Kxg7 26. Re2 b4 27. Rc2 b3 28. Re2 Ra1+ 29.
Kg2 Rc1 30. Kf3 Kf6 31. Ke3 Kf5 32. h3 h5 33. h4 Kg4 34. Ke4 f5+ 35. Ke3 Kh3 36.
Kf3 Rc2 37. Ke3 Kg2 38. Re1 Rxb2 39. f3 Kxg3 40. Rg1+ Rg2 41. Rb1 b2 42. d5 exd5 43.
Kd4 Kxf3 44. Kxd5 Rg4 45. Rf1+ Ke2 46. Rb1 Kd3 47. Rxb2 Kxc3 48. Rb6 Rxh4 49. Rxg6 f4 50. Ke4 Kc2 51. Kf3 c3 52. Rc6 Kb2 53. Rb6+ Kc1 54.
Rc6 c2 55. Rc4 Rh2 56. Kxf4 Rh4+ 57. Kg3 Rxc4 58. Kh2 Kb1 59. Kg2 c1=Q 60. Kh2 Qc2+ 61. Kg3 Qd3+ 62. Kf2 Rc2+ 63. Ke1 Qd2+ 64. Kf1 Qc1# 0-1

[Event "*** SCC Grand Prix: Titled Tuesday Blitz"]
[Site "Chess.com"]
[Date "2020.08.11"]
[Round "7"]
[White "olksuna"]
[Black "IMAghasiyevKamal"]
[Result "1-0"]
[WhiteElo "2642"]
[BlackElo "2448"]
[TimeControl "180+1"]
[EndTime "11:18:49 PDT"]
[Termination "olksuna won by resignation"]

1. Nf3 Nf6 2. g3 g6 3. b4 Bg7 4. Bb2 O-O 5. Bg2 d6 6. O-O e5 7. d3 h6 8. c4 Be6 9. Nc3 Qd7 10. Re1 Nc6 11. b5 Ne7 12. Rc1 b6 13. d4 exd4 14.
Nxd4 Rad8 15. Nxe6 fxe6 16. Qd3 Ng4 17. Rf1 Ne5 18.
Qe4 d5 19. cxd5 exd5 20. Qb4 Nc4 21. Nxd5 Nxb2 22. Nxe7+ Kh7 23. Be4 Rf6 24. Rc6 Rxc6 25. bxc6 Qd4 26. Bxg6+ Kh8 27. Qxd4 Bxd4 28. Kg2 Bc5 29.
Nf5 Rd2 30. e3 Nc4 31. Kg1 Rxa2 32. Rc1 Ne5 33. Be8 a5 34. Nxh6 a4 35. Nf7+ Nxf7 36. Bxf7 Rb2 37. Rd1 Kg7 38. Rd7 a3 39. Rxc7 Kf6 40.
Ra7 Rc2 41. c7 Be7 42. Bb3 Rc3 43. g4 Bd6 44. h4 b5 45. g5+ Kg6 46. Bd5 Kh5 47.
Bf7+ Kxh4 48. g6 Be5 49. Kg2 Kg5 50. f4+ Bxf4 51. exf4+ Kxf4 52. g7 Rg3+ 53. Kf2 Rxg7 54. c8=Q a2 55. Qc7+ Ke4 56. Rxa2 Rxf7+ 57. Qxf7 Kd3 58.
Qf3+ Kc4 59. Rb2 1-0

[Event "*** SCC Grand Prix: Titled Tuesday Blitz"]
[Site "Chess.com"]
[Date "2020.08.11"]
[Round "7"]
[White "Guenplen"]
[Black "baki83"]
[Result "1/2-1/2"]
[WhiteElo "2875"]
[BlackElo "2728"]
[TimeControl "180+1"]
[EndTime "11:18:51 PDT"]
[Termination "Game drawn - insufficient material"]

1. d4 d5 2. Bf4 Nf6 3. e3 e6 4.
Nd2 Bd6 5. Bg3 c5 6. Ngf3 O-O 7. Bd3 c4 8. Be2 b5 9. Ne5 Bb7 10. O-O Nc6 11. f4 Ne7 12. Bh4 Ne4 13. Nxe4 dxe4 14. Bg4 Bd5 15. f5 exf5 16. Bxf5 f6 17. Bh3 fxe5 18. Rxf8+ Kxf8 19. Qh5 Kg8 20. dxe5 Bf7 21. Qg4 Bxe5 22. Rd1 Qe8 23. Qxe4 Ng6 24. Bf5 Bxb2 25.
Bg3 Qxe4 26. Bxe4 Re8 27. Bc6 Rf8 28. Bxb5 Be5 29. Bf2 Rb8 30. a4 h6 31. e4 a5 32. Ba7 Ra8 33. Be3 Bc3 34. h3 Ne5 35. Bf4 g5 36. Be3 Kg7 37. Rd6 Bb4 38. Rb6 Bc3 39.
Rd6 Ng6 40. Rb6 Be5 41. Rb7 Kf6 42. Bb6 Kg7 43. Bxc4 Nh8 44. Bd5 Rb8 45. Rxb8 Bxb8 46. c4 Bxd5 47. exd5 Nf7 48. c5 Kf6 49. Bxa5 Ke5 50.
d6 Kd5 51. Bb6 Kc6 52. a5 Ne5 53. Kf2 Nd7 54. Kf3 Nxc5 55. Bxc5 Kxc5 56. d7 Bc7 57. a6 Kb6 58. Kg4 Kxa6 59. Kh5 Kb6 60. Kxh6 Bd8 61.
Kh5 Kc6 62. g3 Kxd7 63. h4 gxh4 64. gxh4 Bxh4 1/2-1/2

[Event "*** SCC Grand Prix: Titled Tuesday Blitz"]
[Site "Chess.com"]
[Date "2020.08.11"]
[Round "7"]
[White "MNyuyu"]
[Black "aa175"]
[Result "1/2-1/2"]
[WhiteElo "2346"]
[BlackElo "2476"]
[TimeControl "180+1"]
[EndTime "11:18:52 PDT"]
[Termination "Game drawn - insufficient material"]

1. d4 e5 2. dxe5 Nc6 3. Nf3 Qe7 4. g3 Nxe5 5. Nxe5 Qxe5 6. Bg2 h5 7. h4 Nf6 8. c3 Bc5 9. Bf4 Qf5 10. Qd3 Qxd3 11. exd3 d6 12. Nd2 Bf5 13. d4 Bb6 14.
Bxb7 Rb8 15. Bc6+ Bd7 16. Bxd7+ Kxd7 17. O-O Nd5 18. Be3 Ba5 19. Nc4 Bb6 20. Bd2 Rhe8 21. Rfe1 Nf6 22. Bg5 Ne4 23. Bf4 Re7 24. f3 Nf6 25.
Rxe7+ Kxe7 26. Bg5 Kd7 27. Bxf6 gxf6 28. Re1 a6 29. Nxb6+ Rxb6 30. Re2 d5 31. Kf2 f5 32.
Ke3 Re6+ 33. Kf2 Rb6 34. b3 Rf6 35. Re5 Kd6 36. Ke3 Re6 37. Kf4 Rxe5 38. dxe5+ Ke6 39. Kg5 c5 40. g4 fxg4 41. fxg4 hxg4 42. Kxg4 Kxe5 43.
h5 d4 44. cxd4+ cxd4 45. h6 Kf6 46. Kf4 Kg6 47. Ke4 Kxh6 48. Kxd4 Kg5 49. Ke4 Kg4 50.
Ke3 Kg3 51. Ke4 Kg4 52. Ke3 Kg3 53. Ke2 Kf4 54. a3 f5 55. b4 Kg3 56. Kf1 Kf3 57. a4 Ke4 58. b5 axb5 59. axb5 Kd5 60. Kf2 Kd6 61. Kf3 Kc5 62. Kf4 Kb6 63. Kxf5 Ka5 64.
Ke5 Kxb5 1/2-1/2

[Event "*** SCC Grand Prix: Titled Tuesday Blitz"]
[Site "Chess.com"]
[Date "2020.08.11"]
[Round "7"]
[White "emperor87"]
[Black "Jovidon91"]
[Result "1-0"]
[WhiteElo "2624"]
[BlackElo "2444"]
[TimeControl "180+1"]
[EndTime "11:18:54 PDT"]
[Termination "emperor87 won by resignation"]

1. d4 Nf6 2. Nf3 e6 3. g3 b5 4. Bg2 Bb7 5. O-O c5 6. a4 b4 7.
c3 cxd4 8. cxd4 Be7 9. Nbd2 O-O 10. a5 a6 11. Nb3 Bd5 12. Ne5 Bxg2 13. Kxg2 d6 14. Nf3 Qd7 15. Qd3 Qb7 16. Kg1 Nc6 17. e4 d5 18. e5 Ne4 19. h4 f6 20. exf6 Bxf6 21. Ng5 Bxg5 22. hxg5 Qf7 23. Kg2 Qh5 24.
Qe3 Rf5 25. f4 Re8 26. Bd2 Ref8 27. Rh1 Qg6 28. Raf1 R5f7 29. Be1 Ne7 30. Qd3 Nf5 31. Nc1 Nfd6 32. Ne2 Nc4 33. Bxb4 Rb8 34. Bc3 Ned6 35. Qxg6 hxg6 36. Rh4 Ne3+ 37. Kf2 Nxf1 38. Kxf1 Ne4 39. Kg2 Nxc3 40. bxc3 Rb2 41. Kf3 Rfb7 42. Rh1 R7b5 43.
Re1 Rxa5 44. Ng1 Kf7 45. Kg4 Raa2 46. Nf3 Re2 47. Rb1 Rab2 48. Ra1 Ra2 49. Rb1 Rab2 50.
Rh1 Ra2 51. Ne5+ Ke7 52. Nxg6+ Kd6 53. Rh7 a5 54. Rxg7 Kc6 55. Ne5+ Kb6 56. Re7 a4 57. g6 Rg2 58. g7 Rxg3+ 59. Kxg3 Ra1 60. Nf3 1-0

[Event "*** SCC Grand Prix: Titled Tuesday Blitz"]
[Site "Chess.com"]
[Date "2020.08.11"]
[Round "7"]
[White "GianmarcoVaR"]
[Black "Dvacetsekund"]
[Result "1-0"]
[WhiteElo "2452"]
[BlackElo "2149"]
[TimeControl "180+1"]
[EndTime "11:18:55 PDT"]
[Termination "GianmarcoVaR won by checkmate"]

1. d4 Nf6 2. c4 e6 3. g3 Bb4+ 4.
Bd2 Qe7 5. Bg2 Nc6 6. e3 O-O 7.
Ne2 Bxd2+ 8. Nxd2 d6 9. O-O e5 10. dxe5 dxe5 11. Nc3 Bf5 12. Nd5 Nxd5 13. cxd5 Nd8 14.
Nc4 e4 15. Rc1 b6 16. d6 cxd6 17. Nxd6 Bg6 18. Qd5 Ne6 19. h4 Rad8 20. Rfd1 h6 21. Qe5 f6 22. Nf5 Qf7 23. Qxe4 Nc5 24. Ne7+ Kh7 25.
Qxg6+ Qxg6 26. Nxg6 Kxg6 27. b4 Ne6 28. Bd5 Rfe8 29. Bxe6 Rxd1+ 30. Rxd1 Rxe6 31. Rd7 a5 32. bxa5 bxa5 33. Ra7 Re5 34. a4 Rc5 35. Kg2 h5 36. Kf3 Kf5 37. Rxg7 Rc4 38. Rb7 Rxa4 39. Rb5+ Kg6 40.
Rb6 Rb4 41. Rxb4 axb4 42. Ke4 b3 43. Kd3 Kf5 44. f3 Ke5 45. Kc3 f5 46. Kxb3 Kd5 47. Kc3 Kc5 48. e4 fxe4 49. fxe4 Kd6 50. Kd4 Ke6 51. e5 Kf5 52. Kd5 Kg4 53. e6 Kxg3 54. e7 Kxh4 55. e8=Q Kh3 56. Qg8 h4 57. Ke4 Kh2 58. Kf3 h3 59. Kf2 Kh1 60. Qg1# 1-0

[Event "*** SCC Grand Prix: Titled Tuesday Blitz"]
[Site "Chess.com"]
[Date "2020.08.11"]
[Round "7"]
[White "JoliyRoger"]
[Black "Nafania1"]
[Result "1-0"]
[WhiteElo "2344"]
[BlackElo "2458"]
[TimeControl "180+1"]
[EndTime "11:18:59 PDT"]
[Termination "JoliyRoger won on time"]

1. Nf3 c5 2. c4 Nc6 3. Nc3 g6 4. e3 Nf6 5. Be2 Bg7 6. O-O e5 7. d3 O-O 8. a3 d5 9. cxd5 Nxd5 10. Ne4 b6 11. Qc2 Bb7 12. Re1 Rc8 13. Rb1 h6 14. Bf1 f5 15. Ng3 Kh8 16. b3 Qe7 17.
Bb2 Qf7 18. Rbc1 Nde7 19. Ba1 g5 20. h3 g4 21. hxg4 fxg4 22. Nh2 h5 23. Ne4 Qg6 24. Be2 Nf5 25. Nf1 h4 26. Qd1 Nh6 27. Rc4 Ba6 28. Rc1 Rcd8 29. Qc2 Bb5 30. b4 g3 31. fxg3 hxg3 32.
Nfxg3 Ng4 33. Bxg4 Qxg4 34. Qd1 Qxd1 35. Rcxd1 cxb4 36.
axb4 Nxb4 37. d4 Nc2 38. dxe5 Nxe1 39. Rxe1 Bc6 40. Nf6 Rd2 41. Ngh5 Rxg2+ 42. Kf1 Rg5 43. Nf4 Bxf6 44. exf6 Kg8 45. Kf2 Kf7 46. Rc1 Rc8 47. Bd4 Ra5 48. Ra1 Rxa1 49. Bxa1 Be4 50. Bd4 Rc2+ 51.
Kg3 Ra2 52. Nh3 Kg6 53. Nf4+ Kf7 54. Nh3 Bd5 55. Ng5+ Kg6 56. Kf4 b5 57. Ke5 Bc4 58. Ne4 b4 59. Nd6 Bb3 60. Bc5 Ra5 61. Kd4 Bf7 62. e4 1-0